 Dungeon Crawl Stone Soup version 0.27.1-34-g3ba077fa99 (webtiles) character file.

Game seed: 17865692789128145913

115 cbfl8 the Sneak (level 4, -1/40 HPs)
             Began as a Minotaur Delver on Jan 24, 2022.
             Hit by a stone thrown by a hobgoblin (5 damage)
             ... on level 2 of the Dungeon.
             The game lasted 00:01:08 (600 turns).

cbfl8 the Sneak (Minotaur Delver)                    Turns: 600, Time: 00:01:09

Health: -1/40      AC:  3    Str: 17    XL:     4   Next: 68%
Magic:  3/3        EV: 12    Int:  7    God:
Gold:   6          SH:  0    Dex: 12    Spells: 3/3 levels left

rFire    . . .     SeeInvis .   a - +0 hand axe
rCold    . . .     Faith    .   (no shield)
rNeg     . . .     Spirit   .   b - +0 leather armour
rPois    .         Reflect  .   (helmet restricted)
rElec    .         Harm     .   (no cloak)
rCorr    .         Rampage  .   (no gloves)
Will     .....                  (no boots)
Stlth    +++.......             (no amulet)
HPRegen  0.13/turn              (no ring)
MPRegen  0.08/turn              (no ring)

@: lethally poisoned (-1 -> -7)
A: horns 2, retaliatory headbutt
a: no special abilities


You were on level 2 of the Dungeon.
You visited 1 branch of the dungeon, and saw 4 of its levels.

You collected 6 gold pieces.

Inventory:

Hand Weapons
 a - a +0 hand axe (weapon)
Armour
 b - a +0 leather armour (worn)
Wands
 g - a wand of digging (3)
Scrolls
 c - a scroll of fog
 d - a scroll of magic mapping
 e - a scroll of fear
 h - a scroll of brand weapon {unknown}
Potions
 f - a potion of haste


   Skills:
 + Level 4.2 Fighting
 + Level 2.7 Axes
 + Level 1.0 Armour
 + Level 2.4 Dodging
 + Level 5.3 Stealth


You had 3 spell levels left.
You didn't know any spells.
Your spell library was empty.

Dungeon Overview and Level Annotations

Branches:
Dungeon (5/15)
 Temple: D:4-7

Altars:


Innate Abilities, Weirdness & Mutations

You have a pair of horns on your head.
You reflexively headbutt those who attack you in melee.


Message History

You kill the giant cockroach!
You start resting.
You feel yourself speed up.
You start resting.
A hobgoblin comes into view. It is wielding a +0 dagger.
A hobgoblin is nearby!
You start resting.
A goblin comes into view.
It is wielding a +0 dagger and quivering poisoned darts.
There is a stone staircase leading down, spattered with blood here.
A goblin is nearby!
The goblin shouts!
The goblin throws a poisoned dart.
The poisoned dart misses you.
You see here the felid corpse of Natasha.
There is a stone staircase leading down, spattered with blood here.
The goblin throws a poisoned dart.
The poisoned dart hits you!
You are poisoned.
You feel very sick.
The goblin throws a poisoned dart.
The poisoned dart hits you!
You are lethally poisoned!
You feel very sick.
You see here a hobgoblin corpse.
* * * LOW HITPOINT WARNING * * *
You feel very sick. The goblin hits you with a +0 dagger.
* * * LOW HITPOINT WARNING * * *
* * * LOW HITPOINT WARNING * * *
You feel very sick. The goblin closely misses you.
The hobgoblin shouts!
You hit the goblin.
The goblin is heavily wounded.
* * * LOW HITPOINT WARNING * * *
You feel sick.
The hobgoblin throws a stone.
The stone closely misses you. The goblin hits you but does no damage.
You closely miss the goblin. You headbutt the goblin.
You kill the goblin!
* * * LOW HITPOINT WARNING * * *
You feel very sick.
The hobgoblin throws a stone.
The stone hits you.
You die...

#######.###
#.........#
#.........# #
#...†.....# #.
#...>....>#
#..#.........#
#............#
..#...)†.....#
. #.!.@......#
#.g##..#####
##. #.## #.
..# ..[ ....
##.#. #...


You could see a hobgoblin.

Vanquished Creatures
  2 hounds (D:5)
  Natasha (D:2)
  An iguana (D:5)
  An orc (D:3)
  A giant cockroach (D:2)
  A goblin (D:2)
  2 hobgoblins
9 creatures vanquished.

Notes
Turn   | Place    | Note
-------+----------+-------------------------------------------
     0 | D:5      | cbfl8 the Minotaur Delver began the quest for the Orb.
     0 | D:5      | Reached XP level 1. HP: 19/19 MP: 0/0
     3 | D:5      | Noticed an iguana
    36 | D:5      | Killed an iguana
    37 | D:5      | Reached XP level 2. HP: 6/27 MP: 1/1
   444 | D:5      | Reached skill level 5 in Stealth
   444 | D:5      | Reached XP level 3. HP: 29/33 MP: 2/2
   447 | D:5      | Reached XP level 4. HP: 34/40 MP: 3/3
   462 | D:4      | Noticed an ogre
   506 | D:2      | Noticed Natasha
   516 | D:2      | Killed Natasha
   517 | D:2      | Reached skill level 1 in Armour
   600 | D:2      | Hit by a stone thrown by a hobgoblin

Illustrated notes

Levels and vault maps discovered:
D:2:      layout_rooms, uniq_crazy_yiuf_cottage, uniq_natasha
D:3:      layout_loops_ring, minivault_5, kennysheep_cluttered_room,
          dk_vineyard_3, uniq_robin
D:4:      layout_cave_pods, uniq_blork_the_orc
D:5:      layout_basic, minmay_temple_entry_statues_fountains,
          serial_co_window_serial, co_window_paths_b, co_window_cross_1,
          co_window_corner_a, co_window_corner_a, co_window_paths_b,
          co_window_paths_c, co_window_of_opportunity_b, co_window_cross_3,
          co_window_paths_e, glass_columns_a, glass_columns_c, glass_columns_b

Skill      XL: |  1  2  3  4 |
---------------+-------------+-----
Fighting       | 4 |  4.2
Stealth        | 5 |  5.3
Armour         | 1 |  1.0
Axes           | |  2.7
Dodging        | |  2.4

Action                   |  1- 3 |  4- 6 || total
-------------------------+-------+-------++-------
Melee: Hand axe          |    10 |    19 ||    29
       Headbutt          |     3 |     2 ||     5
Armor: Leather armour    |     3 |     8 ||    11
Dodge: Dodged            |    15 |    11 ||    26
